 Dungeon Crawl Stone Soup version 0.27-a0-1119-gbf574a6a6b (webtiles) character file.

Game seed: 11527135250870873543

16 Zeld the Skirmisher (level 2, 0/21 HPs)
             Began as an Octopode Fighter on May 2, 2021.
             Succumbed to an adder's poison
             ... on level 2 of the Dungeon.
             The game lasted 00:00:28 (123 turns).

Zeld the Skirmisher (Octopode Fighter)               Turns: 123, Time: 00:00:29

Health: 0/21       AC:  1    Str: 15    XL:     2   Next: 58%
Magic:  2/2        EV: 11    Int: 10    God:
Gold:   18         SH:  8    Dex: 11    Spells: 1/1 levels left

rFire    . . .     SeeInvis .   a - +0 war axe
rCold    . . .     Faith    .   b - +0 kite shield
rNeg     . . .     Spirit   .   (helmet restricted)
rPois    .         Reflect  .   (no amulet)
rElec    .         Harm     .   (no ring)
rCorr    .         Rampage  .   (no ring)
Will     .....                  (no ring)
Stlth    ++........             (no ring)
HPRegen  0.07/turn              (no ring)
MPRegen  0.08/turn              (no ring)
                                (no ring)
                                (no ring)

@: lethally poisoned (0 -> -2)
A: almost no armour, amphibious, 8 rings, camouflage 1, gelatinous body 1,
(nimble swimmer 1), tentacles
a: no special abilities


You were on level 2 of the Dungeon.
You visited 1 branch of the dungeon, and saw 2 of its levels.

You collected 18 gold pieces.

Inventory:

Hand Weapons
 a - a +0 war axe (weapon)
Armour
 b - a +0 kite shield (worn)
Scrolls
 d - a scroll of enchant armour {unknown}
 e - a scroll of teleportation {unknown}
 f - a scroll of identify {unknown}
Potions
 c - a potion of might


   Skills:
 * Level 3.3 Fighting
 * Level 2.4 Axes
 - Level 3.0 Dodging
 * Level 3.2 Shields


You had one spell level left.
You didn't know any spells.
Your spell library was empty.

Dungeon Overview and Level Annotations

Branches:
Dungeon (2/15)

Altars:


Innate Abilities, Weirdness & Mutations

You cannot wear most types of armour.
You are amphibious.
You can wear up to eight rings at the same time.
Your skin changes colour to match your surroundings (Stealth+).
Your rubbery body absorbs attacks. (AC +1, EV +1)
((You are camouflaged near water. (Stealth+)))
You have tentacles for arms and can constrict up to eight enemies at once.


Message History

You have reached level 2!
You are too injured to fight recklessly!
You are too injured to fight recklessly!
You miss the adder. You grab the adder.
You squeeze the adder, but do no damage.
You constrict the adder. The adder completely misses you. The adder bites you.
You are poisoned.
The adder poisons you!
You hit the adder but do no damage.
You squeeze the adder, but do no damage.
The adder is moderately wounded.
You constrict the adder.
* * * LOW HITPOINT WARNING * * *
You feel very sick.
The endoplasm quivers.
The adder bites you.
* * * LOW HITPOINT WARNING * * *
The adder bites you but does no damage.
An adder comes into view.
Okay, then.
The adder hisses angrily.
You slash the adder!
You kill the adder!
* * * LOW HITPOINT WARNING * * *
You feel sick.
Unknown command.
An adder comes into view.
* * * LOW HITPOINT WARNING * * *
You feel sick.
The adder hisses angrily.
Found a helmet.
You see here a +0 whip.
Unknown command.
* * * LOW HITPOINT WARNING * * *
You feel sick. The endoplasm freezes you.
You are frozen.
* * * LOW HITPOINT WARNING * * *
Unknown command.
You die...

...# #... ..... ...
.###########.#
..........<.....#
#####.#######S######
.........##.S<...?.#
####>.@J).>.........
#.##.##.#...##.## #
#...#.#.#.# #
#...#.#.#.#
#.S.#.#.#.#
....#.#.#.#
[......... ..#.....


You could see 2 adders and an endoplasm.

Vanquished Creatures
  An adder (D:2)
  A giant cockroach (D:1)
  A goblin (D:1)
  A hobgoblin (D:1)
  A kobold (D:2)
  A quokka (D:1)
  A ball python (D:1)
7 creatures vanquished.

Notes
Turn   | Place    | Note
-------+----------+-------------------------------------------
     0 | D:1      | Zeld the Octopode Fighter began the quest for the Orb.
     0 | D:1      | Reached XP level 1. HP: 16/16 MP: 1/1
   118 | D:2      | Reached XP level 2. HP: 10/21 MP: 2/2
   122 | D:2      | HP: 1/21 [frozen (1)]
   123 | D:2      | Succumbed to an adder's poison

Illustrated notes

Levels and vault maps discovered:
D:1:      minmay_arrival_four_circles, layout_rooms,
          chequers_serial_rivers_micro_d
D:2:      layout_basic, hellmonk_ecumenical_altar_inner_sanctum,
          eino_tiny_chamber, chequers_serial_rivers_room_a, chequers_big_river

Action                   || total
-------------------------++-------
Melee: War axe           ||    12
       Constrict         ||     3
       Tentacles         ||     2
 Stab: Sleeping          ||     3
Armor: Skin              ||     1
Dodge: Dodged            ||     4
Block: Kite shield       ||     4

Table legend: (Time is in decaauts)
 A = Elapsed time spent in this place.
 B = Non-inter-level travel time spent in this place.
 C = Inter-level travel time spent in this place.
 D = Time resting spent in this place.
 E = Time spent auto-exploring this place.
 F = Levels seen in this place.
 G = Mean time per level.
                   A        B        C        D        E       F      G
               +--------+--------+--------+--------+--------+-----+--------+
         Total |    130 |    128 |      2 |      0 |     60 |   2 |   65.0 |
       Dungeon |    130 |    128 |      2 |      0 |     60 |   2 |   65.0 |
               +--------+--------+--------+--------+--------+-----+--------+

Top non-repeatable levels by time:
     D:1: 111 daAuts
     D:2: 18 daAuts
